 Dungeon Crawl Stone Soup version 0.16-a0-286-g6bac339 (webtiles) character file.

24955 Qrupt the Basher (level 13, -4/101 HPs)
             Began as a Human Wanderer on Aug 28, 2014.
             Was an Elder of Nemelex Xobeh.
             Slain by a blink frog (9 damage)
             ... on Level 4 of the Lair of Beasts.
             The game lasted 01:29:19 (25215 turns).

Qrupt the Basher (Human Wanderer)                  Turns: 25215, Time: 01:29:19

HP  -4/101       AC 22     Str 20      XL: 13   Next: 46%
MP  24/24        EV  6     Int 10      God: Nemelex Xobeh [****..]
Gold 753         SH  0     Dex 17      Spells:  0 memorised, 12 levels left

rFire  + . .     SeeInvis .     o - +1 morningstar
rCold  . . .     Clarity  .     w - +2 plate armour {rPois}
rNeg   . . .     rCorr    .     (no shield)
rPois  +         rRot     .     (no helmet)
rElec  .         Spirit   .     g - +0 cloak
SustAb .         Warding  .     F - +0 pair of gloves
rMut   .         Stasis   .     (no boots)
Gourm  .                        (no amulet)
MR     .....                    T - ring of protection from fire
                                C - ring "Radon" {AC+3 Str+4}

@: about to teleport, very slightly contaminated, hasted, very quick, not
resistant to hostile enchantments, extremely unstealthy
A: no striking features
a: Draw One, Peek at Two, Triple Draw, Deal Four, Renounce Religion


You were on level 4 of the Lair of Beasts.
You worshipped Nemelex Xobeh.
Nemelex Xobeh was greatly pleased with you.
You were not hungry.

You visited 3 branches of the dungeon, and saw 15 of its levels.

You collected 753 gold pieces.

Inventory:

Hand weapons
 c - a +0 hand crossbow
 o - a +1 morningstar (weapon)
Missiles
 d - 80 bolts
 Y - 13 bolts of flame
Armour
 f - the +4 ring mail of Ladders and Snakes {Slay+2 Stlth+}
   (You found it on level 8 of the Dungeon)

   It affects your accuracy and damage with ranged weapons and melee attacks
   (+2).
   It makes you more stealthy.
 g - a +0 cloak (worn)
 w - a +2 plate armour of poison resistance (worn)
 F - a +0 pair of gloves (worn)
Magical devices
 e - a wand of digging (24)
 l - a wand of confusion (11)
 r - a wand of enslavement (11)
 t - a wand of teleportation (4)
 L - a wand of magic darts (10)
 N - a wand of polymorph (17)
 Z - a wand of paralysis (9)
Comestibles
 b - 10 royal jellies
 k - 8 meat rations
 G - 2 fruits
 P - 4 bread rations
 Q - 5 chunks of sheep flesh
Scrolls
 h - 2 scrolls of amnesia
 q - 11 scrolls of remove curse
 u - 2 scrolls of recharging
 y - 3 scrolls of identify
 E - 2 scrolls of fog
 V - a scroll of acquirement {unknown}
Jewellery
 n - an uncursed ring of ice
 C - the ring "Radon" (left hand) {AC+3 Str+4}
   (You found it on level 8 of the Dungeon)

   [ring of protection]

   It affects your AC (+3).
   It affects your strength (+4).
 O - an uncursed amulet of resist corrosion {unknown}
 R - an uncursed ring of wizardry
 T - a ring of protection from fire (right hand)
 U - an uncursed amulet of stasis
Potions
 a - a potion of porridge
 s - a potion of cancellation
 v - a potion of brilliance
 x - 3 potions of restore abilities
 z - a potion of lignification {unknown}
 D - a potion of magic {unknown}
 S - a potion of mutation {unknown}
 W - a potion of berserk rage {unknown}
Books
 i - a book of Necromancy

   Spells                             Type                      Level
   Pain                               Necromancy                   1
   Animate Skeleton                   Necromancy                   1
   Vampiric Draining                  Necromancy                   3
   Regeneration                       Charms/Necromancy            3
   Animate Dead                       Necromancy                   4
   Control Undead                     Necromancy                   4
 j - a book of Power

   Spells                             Type                      Level
   Fulminant Prism                    Conjuration/Hexes            4
   Iskenderun's Mystic Blast          Conjuration                  4
   Venom Bolt                         Conjuration/Poison           5
   Bolt of Magma                      Conjuration/Fire/Earth       5
   Iron Shot                          Conjuration/Earth            6
   Orb of Destruction                 Conjuration                  7
 m - a book of Death

   Spells                             Type                      Level
   Corpse Rot                         Necromancy                   2
   Sublimation of Blood               Necromancy                   2
   Agony                              Necromancy                   5
   Dispel Undead                      Necromancy                   5
   Excruciating Wounds                Charms/Necromancy            5
   Bolt of Draining                   Conjuration/Necromancy       5
 p - a book of Burglary

   Spells                             Type                      Level
   Swiftness                          Charms/Air                   2
   Passwall                           Transmutation/Earth          3
   Passage of Golubria                Translocation                4
   Lee's Rapid Deconstruction         Earth                        5
   Invisibility                       Hexes                        6
   Darkness                           Hexes                        7
 I - a book of Cantrips

   Spells                             Type                      Level
   Corona                             Hexes                        1
   Animate Skeleton                   Necromancy                   1
   Summon Small Mammal                Summoning                    1
   Apportation                        Translocation                1
Miscellaneous
 A - a plain deck of war
 H - a plain deck of war {drawn: 1}
 K - an ornate deck of war {drawn: 3}
 M - a legendary deck of war {drawn: 2}
 X - a plain deck of war


   Skills:
 - Level 9.1 Fighting
 + Level 13.8 Maces & Flails
 - Level 2.4 Crossbows
 - Level 1.0 Throwing
 - Level 10.3 Armour
 - Level 7.4 Dodging
 - Level 8.1 Evocations


You had 12 spell levels left.
You didn't know any spells.

Dungeon Overview and Level Annotations

Branches:
Dungeon (9/15)             Temple (1/1) D:6            Lair (5/8) D:9
 Spider (0/5) Lair:3
    Orc: D:9-12       Swamp: Lair:3-6    Shoals: Lair:3-6

Altars:
Ashenzari
Cheibriados
Dithmenos
Elyvilon
Fedhas
Gozag
Kikubaaqudgha
Makhleb
Nemelex Xobeh
Okawaru
Qazlal
Sif Muna
Trog
Vehumet
Xom
Yredelemnul
Zin
The Shining One
Beogh


Message History

The blink frog momentarily phases out as your attack passes through it.
The blink frog is moderately wounded.
The blink frog hits you but does no damage.
The blink frog momentarily phases out as your attack passes through it.
The blink frog is moderately wounded.
The blink frog hits you but does no damage.
Drink which item? (? for menu, Esc to quit)
You feel yourself speed up. The blink frog completely misses you.
The blink frog hits you!
* * * LOW HITPOINT WARNING * * *
The blink frog blinks!
You are very lightly contaminated with residual magic.
Read which item? (? for menu, Esc to quit)
As you read the scroll of teleportation, it crumbles to dust.
You feel strangely unstable.
The blink frog momentarily phases out as your attack passes through it.
The blink frog is almost dead.
The blink frog hits you!
You die...
Your body disappears without a glow.

.##.....#### #.........# #..≈.
.......## #.........### #...≈
.....P.# #...........# ##...
.....#P# ##...........# ##..
.....### #...........## ##.
....## ####.......>.#########.
...## #.....#P.....##.<..##.#
....# ###.F..F##......##....###
...######......#@#......##....###
...#.##......F.###......###.....#
.............P## #......###.....[
...........FF######...#..P.#.....
.................##...#P.........
.................................
...............P.................
.................................
.................P....##.........


You could see 2 blink frogs.

Vanquished Creatures
  Harold (Lair:4)
  Erica (Lair:5)
  A catoblepas (Lair:5)
  Joseph (D:6)
  3 black mambas (Lair:4)
  5 spiny frogs
  13 komodo dragons
  4 fire drakes
  A troll (D:9)
  2 polar bears
  12 blink frogs
  A wandering mushroom (D:7)
  2 basilisks
  A hippogriff (Lair:4)
  A wyvern (D:8)
  14 yaks
  2 hungry ghosts
  A steam dragon (D:8)
  8 water moccasins
  5 sky beasts
  7 porcupines
  4 orc warriors
  A yellow wasp (Lair:4)
  A necrophage (Lair:2)
  3 ice beasts
  2 black bears
  A manticore skeleton (D:8)
  6 ogres
  4 centaurs
  A big kobold (D:8)
  Sigmund (D:5)
  7 crocodiles
  13 giant frogs
  A water moccasin zombie (D:7)
  A cyclops skeleton (D:9)
  5 killer bees (D:9)
  2 scorpions
  2 goliath beetles (D:8)
  13 jellies
  4 crimson imps
  An electric eel (D:7)
  A quasit (D:6)
  A giant frog skeleton (D:8)
  Crazy Yiuf (D:2)
  7 orc priests
  A black bear skeleton (D:6)
  7 hounds
  9 iguanas
  11 orc wizards
  A worker ant (D:4)
  15 sheep
  A crocodile skeleton (D:5)
  A hound zombie (D:6)
  A mummy (D:9)
  19 adders
  27 green rats
  A giant mite (D:2)
  4 shadow imps
  2 worms
  2 orc zombies
  An orc skeleton (D:8)
  3 adder skeletons
  6 giant geckos
  6 oozes
  51 orcs
  13 goblins
  9 hobgoblins
  4 jackals
  21 kobolds
  15 quokkas
  A ball python (D:2)
  16 bats
  4 giant cockroaches
  A giant gecko skeleton (D:5)
  7 giant newts
  A giant newt skeleton (D:5)
  A giant spore (D:8)
  A hobgoblin skeleton (D:4)
  A jackal skeleton (D:5)
  A kobold skeleton (D:6)
  2 quokka skeletons
  24 rats
  A ballistomycete (D:8)
461 creatures vanquished.

Vanquished Creatures (collateral kills)
  A hydra (Lair:2)
  2 spiny frogs
  A fire drake (Lair:2)
  5 yaks
  2 orc warriors (D:9)
  An ogre (D:9)
  3 necrophages (Lair:2)
  A hound (D:9)
  2 orc wizards (D:9)
  2 orcs (D:9)
20 creatures vanquished.

Vanquished Creatures (others)
  A green rat (Lair:4)
  5 plants (Lair:5)
6 creatures vanquished.

Grand Total: 487 creatures vanquished

Notes
Turn   | Place    | Note
--------------------------------------------------------------
     0 | D:1      | Qrupt, the Human Wanderer, began the quest for the Orb.
     0 | D:1      | Reached XP level 1. HP: 19/19 MP: 1/1
   105 | D:1      | Reached XP level 2. HP: 25/25 MP: 2/2
   636 | D:2      | Reached XP level 3. HP: 27/30 MP: 3/3
   974 | D:2      | Noticed Crazy Yiuf
   988 | D:2      | Killed Crazy Yiuf
   988 | D:2      | Reached XP level 4. HP: 18/38 MP: 4/4
  1730 | D:3      | Reached XP level 5. HP: 37/43 MP: 5/5
  2426 | D:3      | Found a glowing golden altar of the Shining One.
  2826 | D:3      | Reached XP level 6. HP: 36/49 MP: 7/7
  3305 | D:4      | HP: 2/49 [poisoned by a worker ant]
  3765 | D:3      | Reached skill level 5 in Maces & Flails
  3988 | D:4      | Reached XP level 7. HP: 33/55 MP: 8/8
  4213 | D:4      | Found a shimmering altar of Xom.
  4214 | D:4      | Found a burning altar of Makhleb.
  4229 | D:4      | Paralysed by a crimson imp for 6 turns
  4239 | D:4      | Paralysed by a crimson imp for 4 turns
  4502 | D:4      | Reached skill level 6 in Maces & Flails
  4902 | D:4      | Found a white marble altar of Elyvilon.
  5136 | D:5      | Entered Level 5 of the Dungeon
  5329 | D:5      | Noticed Sigmund
  5336 | D:5      | Reached skill level 7 in Maces & Flails
  5622 | D:5      | Found a blossoming altar of Fedhas.
  5630 | D:5      | Reached XP level 8. HP: 56/61 MP: 9/9
  6377 | D:5      | Reached skill level 8 in Maces & Flails
  6523 | D:5      | Killed Sigmund
  6823 | D:4      | Reached skill level 9 in Maces & Flails
  7587 | D:5      | Reached XP level 9. HP: 57/66 MP: 10/10
  7739 | D:5      | Found a roughly hewn altar of Beogh.
  7873 | D:5      | Reached skill level 5 in Armour
  8488 | D:6      | Found a staircase to the Ecumenical Temple.
  9579 | Temple   | Entered the Ecumenical Temple
  9817 | Temple   | Became a worshipper of Nemelex Xobeh the Trickster
  9868 | D:7      | Received a gift from Nemelex Xobeh
 10925 | D:7      | Reached XP level 10. HP: 50/73 MP: 11/11
 11225 | D:7      | Noticed a wandering mushroom
 11254 | D:7      | Killed a wandering mushroom
 11391 | D:7      | Noticed Joseph
 11511 | D:6      | Killed Joseph
 11511 | D:6      | Reached skill level 10 in Armour
 12092 | D:8      | Acquired Nemelex Xobeh's first power
 12092 | D:8      | Received a gift from Nemelex Xobeh
 12130 | D:8      | Got a glittering bone ring
 12131 | D:8      | Identified the ring "Radon" {AC+3 Str+4} (You found it on level 8 of the Dungeon)
 12536 | D:8      | Reached skill level 5 in Evocations
 12552 | D:8      | Got an ancient ring mail
 12563 | D:8      | Identified the +4 ring mail of Ladders and Snakes {Slay+2 Stlth+} (You found it on level 8 of the Dungeon)
 12646 | D:8      | Reached skill level 5 in Fighting
 12738 | D:8      | Found a bloodstained altar of Trog.
 13278 | D:9      | Received a gift from Nemelex Xobeh
 13472 | D:9      | Reached XP level 11. HP: 81/83 MP: 16/19
 13643 | D:9      | Found a staircase to the Lair.
 14367 | D:9      | Found a shattered altar of Ashenzari.
 14535 | D:9      | Acquired Nemelex Xobeh's second power
 14870 | D:9      | Received a gift from Nemelex Xobeh
 15242 | Lair:1   | Entered Level 1 of the Lair of Beasts
 15739 | Lair:1   | Noticed a skeletal warrior
 17040 | Lair:1   | Reached skill level 1 in Dodging
 17272 | Lair:2   | Noticed a seven-headed hydra
 17276 | Lair:2   | Killed a seven-headed hydra
 17394 | Lair:2   | Received a gift from Nemelex Xobeh
 17673 | Lair:2   | Reached XP level 12. HP: 95/95 MP: 23/23
 17820 | Lair:2   | Reached skill level 5 in Dodging
 18061 | Lair:2   | Acquired Nemelex Xobeh's third power
 18857 | Lair:2   | Received a gift from Nemelex Xobeh
 19542 | Lair:3   | Found a hole to the Spider Nest.
 19578 | Lair:3   | Received a gift from Nemelex Xobeh
 19880 | Lair:3   | Reached skill level 10 in Maces & Flails
 20111 | Lair:4   | Noticed Harold
 20123 | Lair:4   | Killed Harold
 20129 | Lair:4   | Received a gift from Nemelex Xobeh
 20352 | Lair:4   | Acquired Nemelex Xobeh's fourth power
 20724 | Lair:4   | Reached skill level 11 in Maces & Flails
 21927 | Lair:4   | Reached XP level 13. HP: 88/101 MP: 24/24
 22262 | Lair:5   | Reached skill level 12 in Maces & Flails
 22381 | Lair:5   | Noticed Erica
 22395 | Lair:5   | Killed Erica
 22624 | Lair:5   | HP: 6/131 [fire drake/blast of flame (11)]
 22633 | Lair:4   | HP: 3/131 [fire drake/blast of flame (3)]
 23103 | Lair:5   | Received a gift from Nemelex Xobeh
 23237 | Lair:5   | Noticed a catoblepas
 23262 | Lair:5   | Killed a catoblepas
 23262 | Lair:5   | Reached skill level 13 in Maces & Flails
 25005 | Lair:5   | Noticed an eight-headed hydra
 25213 | Lair:4   | HP: 5/101 [blink frog (11)]
 25215 | Lair:4   | Slain by a blink frog

Action                   |  1- 3 |  4- 6 |  7- 9 | 10-12 | 13-15 || total
-------------------------+-------+-------+-------+-------+-------++-------
Melee: Whip              |    65 |   176 |       |       |       ||   241
       Morningstar       |       |    57 |   536 |   990 |   315 ||  1898
       Unarmed           |       |       |       |       |    26 ||    26
 Fire: Hand crossbow     |    24 |    23 |   163 |    16 |       ||   226
Invok: Draw One          |       |       |       |    13 |     5 ||    18
Evoke: Wand              |       |       |     7 |     7 |     4 ||    18
       Deck              |       |       |       |     4 |       ||     4
  Use: Scroll            |       |     2 |    13 |     9 |     1 ||    25
       Potion            |       |     3 |     3 |     2 |     4 ||    12
 Stab: Distracted        |       |       |       |     3 |       ||     3
       Sleeping          |       |       |       |     2 |       ||     2
       Invisible         |       |       |       |     2 |       ||     2
  Eat: Chunk             |       |    10 |    14 |    26 |    11 ||    61
       Bread ration      |       |       |     2 |     2 |       ||     4
       Fruit             |       |       |       |     1 |       ||     1
       Pizza             |       |       |       |     1 |       ||     1
       Beef jerky        |       |       |       |       |     1 ||     1
